 Dungeon Crawl Stone Soup version 0.27.1-34-g3ba077fa99 (webtiles) character file.

Game seed: 13941192638297722013

16 H0rd4k the Charlatan (level 2, -5/21 HPs)
             Began as a Human Artificer on Jan 25, 2022.
             Slain by a gnoll (8 damage)
             ... on level 1 of the Dungeon.
             The game lasted 00:00:35 (1062 turns).

H0rd4k the Charlatan (Human Artificer)              Turns: 1062, Time: 00:00:36

Health: -5/21      AC:  3    Str: 12    XL:     2   Next: 70%
Magic:  2/2        EV: 11    Int: 11    God:
Gold:   33         SH:  0    Dex: 13    Spells: 1/1 levels left

rFire    . . .     SeeInvis .   a - +0 club
rCold    . . .     Faith    .   (no shield)
rNeg     . . .     Spirit   .   b - +0 leather armour
rPois    .         Reflect  .   (no helmet)
rElec    .         Harm     .   (no cloak)
rCorr    .         Rampage  .   (no gloves)
Will     .....                  (no boots)
Stlth    +.........             (no amulet)
HPRegen  0.07/turn              (no ring)
MPRegen  0.08/turn              (no ring)

@: no status effects
A: no striking features
a: no special abilities


You were on level 1 of the Dungeon.
You visited 1 branch of the dungeon, and saw 1 of its levels.

You collected 33 gold pieces.

Inventory:

Hand Weapons
 a - a +0 club (weapon)
Armour
 b - a +0 leather armour (worn)
Wands
 c - a wand of flame (15) (quivered)
 d - a wand of charming (14)
Scrolls
 f - a scroll of holy word {unknown}
Miscellaneous
 e - a piece from Xom's chessboard (15/15)


   Skills:
 + Level 1.2 Fighting
 - Level 2.0 Armour
 + Level 1.1 Dodging
 - Level 1.0 Stealth
 + Level 3.6 Evocations


You had one spell level left.
You didn't know any spells.
Your spell library was empty.

Dungeon Overview and Level Annotations

Branches:
Dungeon (1/15)

Altars:


Message History

No target in view!
No target in view!
No target in view!
No target in view!
f - a scroll labelled GECOUVEOTS A ball python and a quokka come into view.
There are monsters nearby!
There are monsters nearby!
There are monsters nearby!
Found a club.
The ball python hisses angrily.
You hear a shout!
A gnoll comes into view. It is wielding a +0 spear.
A ball python comes into view.
The quokka barely misses you. The ball python barely misses you. x2
The gnoll hits you from afar with a +0 spear.
You barely miss the quokka. The quokka barely misses you.
The ball python bites you. The ball python grabs you.
The ball python constricts you. The gnoll barely misses you.
An endoplasm comes into view.
The ball python closely misses you. The ball python constricts you.
The quokka bites you.
You barely miss the ball python.
The quokka bites you but does no damage.
The ball python barely misses you. The ball python constricts you.
The gnoll barely misses you. The quokka bites you.
You hit the ball python but do no damage.
The ball python bites you. The ball python constricts you.
The gnoll hits you from afar with a +0 spear.
* * * LOW HITPOINT WARNING * * *
The quokka barely misses you. The ball python bites you.
* * * LOW HITPOINT WARNING * * *
The ball python constricts you. The gnoll barely misses you.
You escape the ball python's grasp.
Aiming: Charm
Press: ? - help, Shift-Dir - straight line, f - quokka
Aim: a quokka (chance to affect: 73%)
The quokka is charmed.
Your quokka misses something. Something bites your quokka.
Something misses your quokka.
The gnoll hits you from afar with a +0 spear!
You die...

..#........♣ .....
).........♣ .....
.........
........#
#.......#
....>...#
#.......#
........#
#.......###.
........#
#..gJ.......
........# #r##
.......########.@#
..............##.#
.....#......#....#
####...)....######
###......#
#......# #......#
#......# ########


You could see a gnoll, an endoplasm and a friendly quokka (charmed).

Vanquished Creatures
  An endoplasm (D:1)
  A giant cockroach (D:1)
  3 goblins (D:1)
  A hobgoblin (D:1)
  2 ball pythons (D:1)
  A bat (D:1)
  A frilled lizard (D:1)
  2 kobolds (D:1)
  4 rats (D:1)
16 creatures vanquished.

Notes
Turn   | Place    | Note
-------+----------+-------------------------------------------
     0 | D:1      | H0rd4k the Human Artificer began the quest for the Orb.
     0 | D:1      | Reached XP level 1. HP: 15/15 MP: 1/1
   297 | D:1      | Reached XP level 2. HP: 12/21 MP: 2/2
  1062 | D:1      | Slain by a gnoll

Illustrated notes

Levels and vault maps discovered:
D:1:      amcnicky_arrival_feature_with_door, layout_rooms,
          dilly_ecumenical_altar_fadedgnrine

Action                   || total
-------------------------++-------
Melee: Club              ||    73
Evoke: Wand              ||     1
 Stab: Sleeping          ||     1
Armor: Leather armour    ||    27
Dodge: Dodged            ||    61
